Selects Australian Defense Battlegroup
Selects Australian Light Infantry Section
Australian Light Infantry Section
Australian Light Infantry Section
Construct Section Command Post
Selects 2-pounder Anti-tank Gun Team
2-pounder Anti-tank Gun Team
Construct Field Infirmary
2-pounder Anti-tank Gun Team
Construct Platoon Command Post
Construct Company Command Post
Selects Vehicle Over Repair
Selects CMP 15cwt Supply Run
Unlock M3 Grant Medium Tanks
Selects Reinforced Resource Caches
Selects Artillery Trip Wire Flares